 Dungeon Crawl Stone Soup version 0.29.0-4-gdea44cf6ec (webtiles) character file.

Game seed: 2667168783411964858

107 qw the Chopper (level 4, 0/26 HPs)
             Began as a Tengu Warper on Aug 28, 2022.
             Succumbed to an adder's poison
             ... on level 3 of the Dungeon.
             The game lasted 00:00:09 (2032 turns).

qw the Chopper (Tengu Warper)                       Turns: 2032, Time: 00:00:10

Health: 0/26       AC:  6    Str: 13    XL:     4   Next: 85%
Magic:  8/8        EV: 11    Int: 19    God:
Gold:   141        SH:  0    Dex: 14    Spells: 7/7 levels left

rFire   . . .      SeeInvis .   Y - +2 hand axe
rCold   . . .      Faith    .   (no shield)
rNeg    . . .      Spirit   .   i - +0 ring mail
rPois   .          Reflect  .   (helmet restricted)
rElec   .          Harm     .   (no cloak)
rCorr   .          Rampage  .   b - +0 pair of gloves
Will    +....                   (boots unavailable)
Stlth   +.........              (no amulet)
HPRegen 0.08/turn               d - ring "Rofagin" {Will+ Int+6}
MPRegen 0.11/turn               (no ring)

@: lethally poisoned (0 -> -4)
A: beak, talons 3
a: no special abilities


You were on level 3 of the Dungeon.
You visited 1 branch of the dungeon, and saw 3 of its levels.

You collected 141 gold pieces.


Innate Abilities, Weirdness & Mutations

You have a beak for a mouth.
You have claws for feet.


   Skills:
 - Level 2.0 Fighting
 + Level 5.3 Axes
 - Level 1.0 Throwing
 - Level 1.1 Armour
 - Level 2.1 Dodging
 - Level 2.0 Spellcasting
 - Level 2.4 Translocations


You had 7 spell levels left.
You didn't know any spells.
Your spell library contained the following spells:

 Spells                   Type           Power      Damage    Failure   Level
 Blink                    Tloc           22%        N/A       21%         2
 Gell's Gravitas          Tloc           11%        N/A       38%         3
 Lesser Beckoning         Tloc           11%        N/A       38%         3
 Teleport Other           Tloc           11%        N/A       38%         3
 Manifold Assault         Tloc           11%        N/A       98%         5

Inventory:

Hand Weapons
 h - a +0 whip
 Y - a +2 hand axe (weapon)
Armour
 b - a +0 pair of gloves (worn)
 i - a +0 ring mail (worn)
Jewellery
 d - the ring "Rofagin" (left hand) {Will+ Int+6}
   (You acquired it on level 2 of the Dungeon)

   [ring of intelligence]

   Int:       It affects your intelligence (+6).
   Will:      It increases your willpower.
Scrolls
 a - 2 scrolls of identify
 e - a scroll of teleportation {unknown}
 f - a scroll of summoning {unknown}
Potions
 c - a potion of curing
 g - a potion of haste

Dungeon Overview and Level Annotations

Branches:
Dungeon (3/15)

Altars:
Elyvilon

Shops:
D:1 (


Message History

f - a scroll labelled EMEHUEFAOM A bullfrog comes into view.
The bullfrog gives a loud, deep croak!
An adder comes into view.
You closely miss the bullfrog. You claw the bullfrog.
The bullfrog is lightly wounded.
The bullfrog hits you. The bullfrog hits you!
You barely miss the bullfrog. You claw the bullfrog. You peck the bullfrog.
The bullfrog is moderately wounded.
A kobold comes into view.
It is wielding a +0 mace and quivering poisoned darts.
The bullfrog hits you but does no damage.
You hit the bullfrog. Your peck misses the bullfrog.
The bullfrog is heavily wounded.
You miss the adder. The bullfrog hits you.
The adder bites you but does no damage. The bullfrog barely misses you.
You hit the bullfrog. Your kick misses the bullfrog.
The bullfrog is severely wounded.
You hit the adder. The adder barely misses you. The bullfrog hits you.
The adder closely misses you.
You hit the bullfrog.
The bullfrog is severely wounded.
You miss the adder.
The bullfrog hits you but does no damage.
The adder bites you. The bullfrog closely misses you.
You hit the bullfrog.
You kill the bullfrog!
You hit the adder. The adder bites you. The adder bites you but does no damage.
Your Axes skill increases to level 5!
You have reached level 4!
You feel agile.
You closely miss the adder.
The adder is heavily wounded.
The adder bites you.
You are lethally poisoned!
The adder poisons you!
The kobold throws a poisoned dart.
The poisoned dart barely misses you.
You closely miss the adder. You claw the adder.
The adder is almost dead.
You die...

.....#....#
.....#....#
.....#....#####.
................
.?.......!......##
.......K.........#
........S.......#
#.#......@.......#
#.#>.............###
#.#.................
#.##...%........###
#.###.......%....#
#.#
###.#####.##....#
#.###...# #..# ##..
#.....### ##.#
#.##### ..


You could see an adder and a kobold.

Vanquished Creatures
  A bullfrog (D:3)
  3 dart slugs (D:1)
  3 bats
  6 endoplasms
  2 goblins (D:1)
  2 hobgoblins (D:2)
  2 jackals (D:1)
  4 kobolds (D:1)
  2 quokkas
  2 ball pythons
  6 frilled lizards
  3 rats (D:1)
36 creatures vanquished.

Notes
Turn   | Place    | Note
-------+----------+-------------------------------------------
     0 | D:1      | qw the Tengu Warper began the quest for the Orb.
     0 | D:1      | Reached XP level 1. HP: 12/12 MP: 4/4
     0 | D:1      | 0 ||| qw: Version: 0.1-a-89-g26bdef1
     0 | D:1      | 0 ||| qw: Game counter: 1248
     0 | D:1      | 0 ||| qw: Always use a shield: true
     0 | D:1      | 0 ||| qw: God list: Okawaru
     0 | D:1      | 0 ||| qw: Allow faded altars: false
     0 | D:1      | 0 ||| qw: Do Orc after D:15 true
     0 | D:1      | 0 ||| qw: Do second Lair branch before Depths: true
     0 | D:1      | 0 ||| qw: Lair rune preference: random
     0 | D:1      | 0 ||| qw: Plans: Normal
     0 | D:1      | 0 ||| PLANNING D:1-11
     6 | D:1      | You fall into a shaft and drop 1 floor!
     7 | D:2      | 7 ||| DROPPING scroll of blinking.
    84 | D:1      | 84 ||| Stepping ~*~*~tactically~*~*~ (stealth).
    92 | D:1      | Reached XP level 2. HP: 15/17 MP: 6/6
   146 | D:1      | 146 ||| Stepping ~*~*~tactically~*~*~ (hiding).
   153 | D:1      | Reached skill level 3 in Axes
   446 | D:1      | 446 ||| DROPPING +0 club.
   609 | D:1      | Found a faded altar of an unknown god.
   629 | D:1      | Reached XP level 3. HP: 16/21 MP: 7/7
   864 | D:1      | Found Empetea's Antique Weapon Shoppe.
   870 | D:1      | 870 ||| SHOPLISTING crude whip (202 gold, have 46).
  1096 | D:1      | Reached skill level 4 in Axes
  1204 | D:1      | 1204 ||| UPGRADING to +0 ring mail.
  1214 | D:1      | 1214 ||| DROPPING +0 leather armour.
  1215 | D:1      | 1215 ||| READING 3 scrolls labelled UMUNUA PIEWOUD.
  1216 | D:1      | 1216 ||| READING scroll labelled EKALUZEEHIN.
  1217 | D:1      | 1217 ||| READING 2 scrolls of identify.
  1217 | D:1      | 1217 ||| IDENTIFYING silvery potion
  1498 | D:2      | Found a white marble altar of Elyvilon.
  1561 | D:2      | 1561 ||| READING scroll of enchant weapon.
  1561 | D:2      | 1561 ||| ENCHANTING +1 hand axe.
  1866 | D:2      | 1866 ||| UPGRADING to +0 pair of gloves.
  1871 | D:2      | 1871 ||| READING scroll labelled SOUTOMACRI.
  1871 | D:2      | Identified a scroll of acquirement
  1871 | D:2      | 1871 ||| ACQUIRING ring "Rofagin" {Will+ Int+6}
  1871 | D:2      | Acquired the ring "Rofagin" {Will+ Int+6}
  1873 | D:2      | 1873 ||| UPGRADING to ring "Rofagin" {Will+ Int+6}.
  1874 | D:2      | 1874 ||| READING 4 scrolls of identify.
  1874 | D:2      | 1874 ||| IDENTIFYING viscous puce potion
  1875 | D:2      | 1875 ||| READING 3 scrolls of identify.
  1875 | D:2      | 1875 ||| IDENTIFYING ruby potion
  1876 | D:2      | 1876 ||| DROPPING potion of flight.
  2021 | D:3      | Noticed a bullfrog
  2028 | D:3      | HP: 5/21 [bullfrog (2)]
  2030 | D:3      | Killed a bullfrog
  2030 | D:3      | HP: 2/21 [adder (1)]
  2031 | D:3      | Reached skill level 5 in Axes
  2031 | D:3      | Reached XP level 4. HP: 3/26 MP: 8/8
  2032 | D:3      | Succumbed to an adder's poison

Levels and vault maps discovered:
D:1:      enne_arrival_octagon_isle, layout_basic,
          hellmonk_ecumenical_altar_pennies_from_heaven, serial_shops, shop
D:2:      layout_loops_ring, basic_altar
D:3:      layout_rooms

Skill      XL: |  1  2  3 |
---------------+----------+-----
Axes           | 3 5 |  5.3
Fighting       | |  2.0
Throwing       | |  1.0
Armour         | |  1.1
Dodging        | |  2.1
Spellcasting   | |  2.0
Translocations | |  2.4

Action                   |  1- 3 |  4- 6 || total
-------------------------+-------+-------++-------
Melee: Hand axe          |    69 |     2 ||    71
       Kick              |    15 |     1 ||    16
       Peck              |     7 |       ||     7
Throw: Boomerang         |     7 |       ||     7
  Use: Scroll            |     7 |       ||     7
Armor: Leather armour    |    13 |       ||    13
       Ring mail         |     7 |       ||     7
Dodge: Dodged            |    32 |     1 ||    33

Table legend:
 A = Non-vault XP
 B = Vault XP
 C = Vault XP percentage of total XP
 D = Non-vault monster count
 E = Vault monster count
 F = Vault count percentage of total count
                 A         B        C        D         E       F
            +---------+---------+-------+---------+---------+-------
      Total |     153 |       0 |   0.0 |      36 |       0 |   0.0
            +---------+---------+-------+---------+---------+-------
        D:1 |      46 |       0 |   0.0 |      25 |       0 |   0.0
        D:2 |      10 |       0 |   0.0 |       6 |       0 |   0.0
        D:3 |      97 |       0 |   0.0 |       5 |       0 |   0.0
            +---------+---------+-------+---------+---------+-------
